 Dungeon Crawl Stone Soup version 0.21.1-1-g345015f (webtiles) character file.

434 Fortress the Insei (level 7, 0/64 HPs)
             Began as an Octopode Transmuter on June 17, 2018.
             Was an Initiate of Makhleb.
             Succumbed to a scorpion's poison
             ... on level 5 of the Dungeon.
             The game lasted 00:34:00 (5409 turns).

Fortress the Insei (Octopode Transmuter)            Turns: 5409, Time: 00:34:01

Health: 0/64       AC: 23    Str: 10    XL:     7   Next: 0%
Magic:  10/10      EV:  2    Int: 15    God:    Makhleb [......]
Gold:   218        SH:  3    Dex: 14    Spells: 6/10 levels left

rFire    . . .     SeeInvis .   w - +0 dagger (venom)
rCold    . . .     Gourm    .   k - +0 buckler (curse)
rNeg     + + +     Faith    .   (helmet currently unavailable)
rPois    +         Spirit   .   (no amulet)
rElec    .         Reflect  .   (no ring)
rCorr    .         Harm     .   (no ring)
MR       +....     NoTele   +   (no ring)
Stlth    +++.......             (no ring)
HPRegen  0.20/turn              (no ring)
MPRegen  0.12/turn              (no ring)
                                (no ring)
                                (no ring)

@: lethally poisoned (0 -> 0), tree-form, hasted (expiring), very quick
A: almost no armour, stealthy swim, (amphibious), 8 rings, (constrict 8), agile
1, dopey 1, magic resistance 1
a: Renounce Religion


You were on level 5 of the Dungeon.
You worshipped Makhleb.
Makhleb was noncommittal.
You were not hungry.
You were a tree.
You visited 1 branch of the dungeon, and saw 6 of its levels.

You collected 218 gold pieces.

Inventory:

Hand Weapons
 i - a +0 hunting sling
 j - a +0 flail
 n - a +0 flail of pain
 w - a +0 dagger of venom (weapon)
Missiles
 a - 89 arrows
 d - 50 sling bullets
 f - 129 stones (quivered)
Armour
 k - a cursed +0 buckler (worn)
Jewellery
 v - an uncursed amulet of rage
Wands
 h - a wand of iceblast (4)
Scrolls
 l - a scroll of teleportation
 q - a scroll of identify
 s - a scroll of amnesia
Potions
 e - a potion of resistance
 g - a potion of flight
 m - 2 potions of brilliance
Books
 b - a book of Changes

   Spells                             Type                      Level
   a - Beastly Appendage              Transmutation                1
   b - Sticks to Snakes               Transmutation                2
   c - Spider Form                    Transmutation/Poison         3
   d - Ice Form                       Ice/Transmutation            4
   e - Blade Hands                    Transmutation                5
 r - a book of Cantrips

   Spells                             Type                      Level
   a - Confusing Touch                Hexes                        1
   b - Animate Skeleton               Necromancy                   1
   c - Summon Small Mammal            Summoning                    1
   d - Apportation                    Translocation                1
 t - a book of Maledictions

   Spells                             Type                      Level
   a - Corona                         Hexes                        1
   b - Ensorcelled Hibernation        Hexes/Ice                    2
   c - Confuse                        Hexes                        3
   d - Tukima's Dance                 Hexes                        3
   e - Dazzling Spray                 Conjuration/Hexes            3
Comestibles
 c - 5 rations
 x - a chunk of flesh


   Skills:
 - Level 1.1 Fighting
 + Level 0.7 Short Blades
 - Level 2.5 Dodging
 + Level 4.6 Stealth
 + Level 5.1 Unarmed Combat
 - Level 2.3 Spellcasting
 * Level 4.0 Transmutations


You had 6 spell levels left.
You knew the following spells:

 Your Spells              Type           Power        Failure   Level  Hunger
a - Beastly Appendage     Tmut           ##....       7%          1    #......
b - Sticks to Snakes      Tmut           ##......     11%         2    ###....
c - Confusing Touch       Hex            #.....       34%         1    #......


Dungeon Overview and Level Annotations

Branches:
Dungeon (6/15)
 Temple: D:4-7

Altars:
Makhleb


Innate Abilities, Weirdness & Mutations

You cannot wear most types of armour.
You are very stealthy in the water. (Stealth+)
((You are amphibious.))
You can wear up to eight rings at the same time.
((You can use your tentacles to constrict eight enemies at once.))
((Your skin changes colour to match your surroundings (Stealth+).))
((Your rubbery body absorbs attacks. (AC +1, EV +1)))
You are agile. (Dex +2)
You are dopey. (Int -2)
You are resistant to hostile enchantments. (MR+)


Message History

* * * LOW HITPOINT WARNING * * *
You feel sick.
* * * LOW HITPOINT WARNING * * *
You feel sick.
* * * LOW HITPOINT WARNING * * *
You feel sick.
* * * LOW HITPOINT WARNING * * *
You feel sick.
* * * LOW HITPOINT WARNING * * *
You feel sick.
* * * LOW HITPOINT WARNING * * *
You feel sick.
* * * LOW HITPOINT WARNING * * *
You feel sick.
* * * LOW HITPOINT WARNING * * *
You feel sick.
* * * LOW HITPOINT WARNING * * *
You feel sick.
Your extra speed is starting to run out.
You die...

# #..#.# ...... # ##.#.#
..... # ..#.##.#.##.... #
#.........#... #
...#.#.)#..#.. # #.##..#.#
... #..#.## #.#.####.....#
#.....♣...#.......
#.........#.....%.
#..#.######....... #....
....... #..#### ###.#####
....#.... ..#.# ##. #.#.
.....##§#.#####
#...#.####.....§§§.#...######
#...#..........#§§...........


There were no monsters in sight!

Vanquished Creatures
  3 scorpions
  A crimson imp (D:4)
  An orc priest (D:4)
  A worker ant (D:5)
  9 adders
  A shadow imp (D:5)
  An ooze (D:1)
  4 worms
  2 dart slugs
  A leopard gecko (D:4)
  8 orcs
  9 bats
  5 giant cockroaches
  9 goblins
  5 hobgoblins
  11 jackals
  A ball python (D:1)
  3 frilled lizards
  6 kobolds
  A leopard gecko skeleton (D:5)
  3 rats
85 creatures vanquished.

Vanquished Creatures (others)
  A fungus (D:4)
1 creature vanquished.

Grand Total: 86 creatures vanquished

Notes
Turn   | Place    | Note
-------+----------+-------------------------------------------
     0 | D:1      | Fortress the Octopode Transmuter began the quest for the Orb.
     0 | D:1      | Reached XP level 1. HP: 13/13 MP: 3/3
   283 | D:1      | Reached XP level 2. HP: 15/18 MP: 5/5
   560 | D:2      | Reached XP level 3. HP: 13/23 MP: 4/6
  1279 | D:2      | Reached skill level 1 in Stealth
  1282 | D:2      | Reached XP level 4. HP: 11/28 MP: 7/7
  2098 | D:3      | Learned a level 2 spell: Sticks to Snakes
  2304 | D:3      | Learned a level 1 spell: Confusing Touch
  2658 | D:3      | Reached XP level 5. HP: 28/33 MP: 8/8
  2661 | D:3      | Reached skill level 4 in Unarmed Combat
  3003 | D:5      | Entered Level 5 of the Dungeon
  3537 | D:4      | Reached XP level 6. HP: 38/38 MP: 9/9
  4978 | D:5      | Found a burning altar of Makhleb.
  4996 | D:5      | Became a worshipper of Makhleb the Destroyer
  5361 | D:5      | Reached skill level 5 in Unarmed Combat
  5361 | D:5      | Reached XP level 7. HP: 10/43 MP: 8/10
  5362 | D:5      | Gained mutation: You are dopey. (Int -2) [potion of mutation]
  5362 | D:5      | Gained mutation: You are resistant to hostile enchantments. (MR+) [potion of mutation]
  5362 | D:5      | Gained mutation: You are agile. (Dex +2) [potion of mutation]
  5377 | D:5      | HP: 3/64 [poisoned by a scorpion]
  5383 | D:5      | HP: 2/64 [poisoned by a scorpion]
  5392 | D:5      | HP: 1/64 [poisoned by a scorpion]
  5398 | D:5      | HP: 1/64 [poisoned by a scorpion]
  5403 | D:5      | HP: 1/64 [poisoned by a scorpion]
  5409 | D:5      | Succumbed to a scorpion's poison

Skill      XL: |  1  2  3  4  5  6 |
---------------+-------------------+-----
Transmutations | 3 4 |  4.0
Stealth        | 1 3 4 |  4.6
Unarmed Combat | 4 5 |  5.1
Fighting       | |  1.1
Short Blades   | |  0.7
Dodging        | |  2.5
Spellcasting   | |  2.3

Action                   |  1- 3 |  4- 6 |  7- 9 || total
-------------------------+-------+-------+-------++-------
Melee: Unarmed           |    66 |    79 |       ||   145
       Constrict         |    17 |    46 |       ||    63
       Tentacles         |     8 |    23 |       ||    31
       Punch             |     1 |     6 |       ||     7
       Kick              |     3 |     7 |       ||    10
       Dagger            |       |    87 |       ||    87
Throw: Stone             |       |     1 |       ||     1
 Cast: Beastly Appendage |     3 |     6 |       ||     9
  Use: Scroll            |       |    12 |       ||    12
       Potion            |       |     4 |     2 ||     6
 Stab: Sleeping          |     5 |     8 |       ||    13
  Eat: Chunk             |       |     8 |       ||     8
       Ration            |       |     2 |       ||     2
Armor: Skin              |     2 |    15 |       ||    17
Dodge: Dodged            |    44 |   117 |       ||   161
Block: Buckler           |       |     2 |       ||     2
